 Dungeon Crawl Stone Soup version 0.28-a0-983-g1de4e0787c (webtiles) character file.

Game seed: 2644876920006936927

2064 Redcow54321 the Fighter (level 9, -4/102 HPs)
             Began as an Ogre Gladiator on Dec 3, 2021.
             Was a Follower of the Shining One.
             Slain by Duvessa (7 damage)
             ... on level 6 of the Dungeon.
             The game lasted 00:11:48 (7287 turns).

Redcow54321 the Fighter (Ogre Gladiator)            Turns: 7287, Time: 00:11:48

Health: -4/102     AC:  9    Str: 24    XL:     9   Next: 25%
Magic:  9/9        EV: 10    Int:  9    God:    the Shining One [*.....]
Gold:   184        SH:  0    Dex: 10    Spells: 8/8 levels left

rFire   . . .      SeeInvis .   u - +3 whip
rCold   . . .      Faith    .   (no shield)
rNeg    + . .      Spirit   .   l - +2 robe {rN+}
rPois   .          Reflect  .   c - +0 hat
rElec   .          Harm     .   (no cloak)
rCorr   .          Rampage  .   (gloves unavailable)
Will    .....                   (boots unavailable)
Stlth   +.........              (no amulet)
HPRegen 0.27/turn               j - +4 ring of protection
MPRegen 0.11/turn               (no ring)

@: glowing
A: large, unfitting armour, tough skin 1
a: Renounce Religion, Divine Shield


You were on level 6 of the Dungeon.
You worshipped the Shining One.
The Shining One was aware of your devotion.
You visited 1 branch of the dungeon, and saw 6 of its levels.
You also visited: Ossuary.

You collected 217 gold pieces.
You spent 33 gold pieces at shops.

Inventory:

Hand Weapons
 i - a +2 whip of flaming
 u - a +3 whip (weapon)
Missiles
 d - 3 throwing nets (quivered)
Armour
 b - a +0 robe
 c - a +0 hat (worn)
 l - a +2 robe of positive energy (worn)
Jewellery
 a - a ring of wizardry
 j - a +4 ring of protection (left hand)
Wands
 x - a wand of digging (7)
 y - a wand of polymorph (8)
Scrolls
 g - a scroll of enchant armour {unknown}
 h - 2 scrolls of amnesia {unknown}
 k - 6 scrolls of enchant weapon {unknown}
 m - a scroll of magic mapping {unknown}
 n - a scroll of noise {unknown}
 q - 2 scrolls of immolation {unknown}
 v - 2 scrolls of brand weapon {unknown}
Potions
 e - 4 potions of flight {unknown}
 f - 2 potions of curing
 o - a potion of brilliance {unknown}
 p - a potion of invisibility {unknown}
 r - a potion of ambrosia {unknown}
 s - 2 potions of lignification {unknown}
 t - 2 potions of resistance {unknown}
 w - a potion of cancellation {unknown}


   Skills:
 * Level 10.4 Fighting
 + Level 8.0(8.3) Maces & Flails
 - Level 3.7(6.7) Staves
 - Level 2.0 Throwing
 - Level 2.6 Dodging


You had 8 spell levels left.
You didn't know any spells.
Your spell library contained the following spells:

 Spells                   Type           Power      Damage    Failure   Level
 Sandblast                Erth           0%         2d4       38%         1
 Corpse Rot               Necr/Air       0%         N/A       52%         2
 Passwall                 Tmut/Erth      0%         N/A       52%         2
 Poisonous Vapours        Pois/Air       0%         N/A       52%         2
 Ignite Poison            Fire/Tmut/Pois 0%         N/A       77%         3
 Mephitic Cloud           Conj/Pois/Air  0%         N/A       77%         3
 Ozocubu's Armour         Ice            0%         N/A       77%         3
 Stone Arrow              Conj/Erth      0%         3d7       77%         3
 Freezing Cloud           Conj/Ice/Air   0%         6-21      100%        5
 Metabolic Englaciation   Hex/Ice        0%         N/A       100%        5
 Simulacrum               Ice/Necr       0%         N/A       100%        6
 Borgnjor's Revivificati  Necr           0%         N/A       100%        8
 Necromutation            Tmut/Necr      0%         N/A       100%        8
 Death's Door             Necr           0%         N/A       100%        9


Dungeon Overview and Level Annotations

Branches:
Dungeon (6/15)            Ossuary (visited)
 Temple: D:4-7

Altars:
Cheibriados
Wu Jian
The Shining One

Shops:
D:1 *   D:2 !(![=   D:3 *

Annotations:
D:6 Duvessa


Innate Abilities, Weirdness & Mutations

You are too large for most types of armour.
You have tough skin. (AC +1)


Message History

Duvessa barely misses you. Duvessa hits you with a +0 short sword!
The orc barely misses you. Duvessa hits you with a +0 short sword!
You hit Duvessa.
Duvessa is lightly wounded.
Duvessa closely misses you.
You barely miss Duvessa.
Duvessa is lightly wounded.
Duvessa closely misses you.
You completely miss Duvessa.
Duvessa is lightly wounded.
Duvessa hits you with a +0 short sword!
You hit Duvessa.
Duvessa is lightly wounded.
Duvessa hits you with a +0 short sword.
You hit Duvessa but do no damage.
Duvessa is lightly wounded.
Duvessa hits you with a +0 short sword!
You hit Duvessa but do no damage.
Duvessa is lightly wounded.
Duvessa barely misses you.
You whack Duvessa!
Duvessa is moderately wounded.
Duvessa hits you with a +0 short sword.
* * * LOW HITPOINT WARNING * * *
You whack Duvessa!
Duvessa is heavily wounded.
Duvessa hits you with a +0 short sword!
* * * LOW HITPOINT WARNING * * *
You hit Duvessa but do no damage.
Duvessa is heavily wounded.
Duvessa hits you but does no damage.
You hit Duvessa but do no damage.
Duvessa is heavily wounded.
Duvessa hits you with a +0 short sword!
* * * LOW HITPOINT WARNING * * *
You hit Duvessa.
Duvessa is heavily wounded.
Duvessa hits you but does no damage. Duvessa hits you with a +0 short sword!
You die...

......... ........# ... # ...
##.?. ......... .. .. .... ...
###....... ..##... .... ...
.........## ##..#.#. ..... ...
.....#)..###....... .....##.##
#...##........###. .....Z...
#@#.##.........##. #.......#
##e#.............#.
......).####oo#....##.#.......
....#......ooo..†...###.......
. #.......Z.................
####......................
#.................###.#.
#.....###..#.......##..##
#.##...# #..#.......##..#


You could see Duvessa (berserk), 5 orcs and a water moccasin zombie.

Vanquished Creatures
  Sigmund (D:3)
  A yak (D:5)
  A sky beast (D:5)
  A black bear (D:6)
  A necrophage (D:4)
  3 ogres (D:5)
  A phantom (D:6)
  An elf zombie (Ossuary)
  A gnoll sergeant (D:5)
  A water moccasin zombie (D:5)
  2 scorpions
  A wyvern skeleton (D:5)
  Dowan (D:6)
  A centaur zombie (Ossuary)
  4 hounds
  2 jellies
  3 human zombies (Ossuary)
  An orc priest (D:4)
  Crazy Yiuf (D:3)
  Terence (D:2)
  An iguana (D:6)
  2 hound zombies (D:5)
  A mummy (Ossuary)
  13 gnolls
  4 adders
  A shadow imp (D:5)
  A white imp (D:5)
  An ufetubus (D:5)
  A worm zombie (D:4)
  2 adder zombies (Ossuary)
  2 adder skeletons (D:5)
  4 worms
  2 dart slugs
  8 orcs
  3 bats
  6 endoplasms
  5 giant cockroaches
  7 goblins
  11 hobgoblins
  2 jackals (D:3)
  A quokka (D:5)
  4 ball pythons
  3 frilled lizards
  2 goblin skeletons (D:5)
  5 goblin zombies
  10 hobgoblin zombies (Ossuary)
  5 kobolds
  3 kobold zombies (Ossuary)
  3 orc skeletons (D:5)
  13 orc zombies
  3 rats
  2 rat zombies (Ossuary)
160 creatures vanquished.

Vanquished Creatures (others)
  8 fungi (D:2)
  A plant (D:2)
9 creatures vanquished.

Grand Total: 169 creatures vanquished

Notes
Turn   | Place    | Note
-------+----------+-------------------------------------------
     0 | D:1      | Redcow54321 the Ogre Gladiator began the quest for the Orb.
     0 | D:1      | Reached XP level 1. HP: 22/22 MP: 1/1
   194 | D:1      | Reached skill level 3 in Fighting
   199 | D:1      | Reached XP level 2. HP: 15/31 MP: 2/2
   476 | D:1      | Found Seungeow's General Store.
   483 | D:1      | Bought a potion of curing for 33 gold pieces
   836 | D:1      | Reached XP level 3. HP: 37/37 MP: 3/3
  1208 | D:2      | Reached skill level 4 in Fighting
  1455 | D:2      | Found Alos's Armour Shoppe.
  1483 | D:2      | Reached skill level 1 in Maces & Flails
  1483 | D:2      | Reached XP level 4. HP: 48/49 MP: 4/4
  1579 | D:2      | Found Teghircha's Jewellery Boutique.
  1627 | D:2      | Found Veodol's Distillery.
  1642 | D:2      | Found Diovib's Weapon Shop.
  1819 | D:2      | Found a faded altar of an unknown god.
  1878 | D:2      | Found Ywnuotz's Distillery.
  1966 | D:2      | Noticed Terence
  1976 | D:2      | Killed Terence
  1977 | D:2      | Reached skill level 5 in Fighting
  1977 | D:2      | Reached XP level 5. HP: 55/57 MP: 5/5
  2446 | D:3      | Found Istefiarr's Assorted Antiques.
  2507 | D:3      | Noticed Sigmund
  2525 | D:3      | Killed Sigmund
  2526 | D:3      | Reached skill level 6 in Fighting
  2526 | D:3      | Reached XP level 6. HP: 13/68 MP: 6/6
  2925 | D:3      | Found a snail-covered altar of Cheibriados.
  3006 | D:3      | Found a runed translucent door.
  3007 | D:3      | Noticed Crazy Yiuf
  3255 | D:3      | Killed Crazy Yiuf
  3709 | D:4      | Found a sand-covered staircase.
  3725 | Ossuary  | Entered an ossuary
  3887 | Ossuary  | Reached skill level 7 in Fighting
  3887 | Ossuary  | Reached XP level 7. HP: 47/78 MP: 7/7
  4616 | D:4      | Reached skill level 5 in Maces & Flails
  4990 | D:5      | Entered Level 5 of the Dungeon
  5040 | D:5      | Reached XP level 8. HP: 17/88 MP: 8/8
  5411 | D:5      | Found a glowing golden altar of the Shining One.
  5426 | D:5      | Became a worshipper of the Shining One
  5575 | D:5      | Reached skill level 8 in Fighting
  6039 | D:5      | Found an ornate altar of the Wu Jian Council.
  6070 | D:5      | Reached skill level 9 in Fighting
  6251 | D:5      | Noticed a yak
  6260 | D:5      | Killed a yak
  6377 | D:5      | Reached * piety under the Shining One
  6399 | D:5      | Reached XP level 9. HP: 49/101 MP: 9/9
  6959 | D:6      | Reached skill level 10 in Fighting
  7256 | D:6      | Noticed Duvessa
  7256 | D:6      | Noticed Dowan
  7264 | D:6      | Killed Dowan
  7286 | D:6      | HP: 3/102 [Duvessa (11)]
  7287 | D:6      | Slain by Duvessa

Illustrated notes

Levels and vault maps discovered:
D:1:      eino_arrival_cavern_b, layout_basic, serial_shops, shop,
          serial_bayou_pond_b
D:2:      layout_loops_cross, dreamdust_ecumenical_altar_grove, serial_shops,
          shop, nicolae_shop_statue_plus, nicolae_diamond_shop,
          nicolae_shop_waterfront, nicolae_lakefront_shop, grunt_ministairs_15,
          uniq_terence
D:3:      kennysheep_big_flooded_room, layout_basic, old_standard_altar,
          serial_shops, nicolae_shop_trees, glass_columns_a, chequers_garden,
          uniq_crazy_yiuf_cottage, uniq_sigmund
D:4:      layout_basic, enter_ossuary_3
D:5:      minmay_diamond_boxcup, layout_basic, nicolae_tso_besieged_by_evil,
          pdpol_wu_jian_five_deadly_venoms
D:6:      layout_cave_pools, zin_academy, nicolae_vehumet_altar_sigil,
          uniq_duvessa

Skill      XL: |  1  2  3  4  5  6  7  8  9 |
---------------+----------------------------+-----
Fighting       | 3 4 5 6 7 9 10 | 10.4
Maces & Flails | 1 3 4 5 7 8 |  8.0
Staves         | |  3.7
Throwing       | |  2.0
Dodging        | |  2.6

Action                   |  1- 3 |  4- 6 |  7- 9 || total
-------------------------+-------+-------+-------++-------
Melee: Quarterstaff      |    50 |       |       ||    50
       Whip              |    18 |   261 |   367 ||   646
  Use: Potion            |       |       |     3 ||     3
 Stab: Sleeping          |       |     1 |       ||     1
Armor: Robe              |    13 |   113 |    92 ||   218
Dodge: Dodged            |    32 |   125 |   130 ||   287

Table legend: (Time is in decaauts)
 A = Elapsed time spent in this place.
 B = Non-inter-level travel time spent in this place.
 C = Inter-level travel time spent in this place.
 D = Time resting spent in this place.
 E = Time spent auto-exploring this place.
 F = Levels seen in this place.
 G = Mean time per level.
                   A        B        C        D        E       F      G
               +--------+--------+--------+--------+--------+-----+--------+
         Total |   7190 |   7015 |    175 |      0 |   5773 |   7 | 1027.1 |
       Dungeon |   6563 |   6388 |    175 |      0 |   5416 |   6 | 1093.8 |
       Ossuary |    627 |    627 |      0 |      0 |    357 |   1 |  627.0 |
               +--------+--------+--------+--------+--------+-----+--------+

Top non-repeatable levels by time:
     D:5: 1895 daAuts
     D:1: 1163 daAuts
     D:2: 1125 daAuts
     D:3: 1094 daAuts
     D:4: 948 daAuts
 Ossuary: 627 daAuts
     D:6: 336 daAuts
